 Dungeon Crawl Stone Soup version 0.20-a0-9-g62d82d9 (webtiles) character file.

3544 pkoi the Destroyer (level 9, -7/55 HPs)
             Began as a High Elf Conjurer on Nov 1, 2016.
             Was a Follower of Okawaru.
             Killed from afar by a wretched star (17 damage)
             ... with an orb of energy
             ... on level 1 of the Abyss.
             The game lasted 00:25:14 (9856 turns).

pkoi the Destroyer (High Elf Conjurer)              Turns: 9856, Time: 00:25:15

Health: -7/55      AC: 13    Str:  7    XL:     9   Next: 82%
Magic:  0/13       EV: 13    Int: 22    God:    Okawaru [*.....]
Gold:   505        SH:  0    Dex: 14    Spells: 4 memorised, 2 levels left

rFire  . . .     SeeInvis .     x - +0 long sword
rCold  . . .     Gourm    .     p - +5 ring mail of Nyceoh {+Blink rN+ Dex-3}
rNeg   + . .     Faith    .     (no shield)
rPois  +         Spirit   .     D - +1 hat
rElec  .         Reflect  .     (no cloak)
rCorr  .         Harm     .     m - +0 pair of gloves
MR     .....     Rnd*Tele +     (no boots)
Stlth  ++........               r - amulet of rage
                                (no ring)
                                i - ring of poison resistance

@: no status effects
A: repulsion field 1, camouflage 1, teleportitis 2, evolution 1, subdued magic 2
a: Heroism, Renounce Religion, Evoke Blink, Evoke Berserk Rage


You were on level 1 of the Abyss.
You worshipped Okawaru.
Okawaru was aware of your devotion.
You were not hungry.

You visited 2 branches of the dungeon, and saw 9 of its levels.
You visited the Abyss 1 time.
You also visited: Ossuary.

You collected 596 gold pieces.
You spent 91 gold pieces at shops.

Inventory:

Hand Weapons
 x - a +0 long sword (weapon)
Armour
 m - a +0 pair of gloves (worn)
 p - the +5 ring mail of Nyceoh (worn) {+Blink rN+ Dex-3}
   (You found it on level 4 of the Dungeon)

   It affects your dexterity (-3).
   It protects you from negative energy.
   It lets you blink.
 D - a +1 hat (worn)
Jewellery
 i - a ring of poison resistance (left hand)
 r - an amulet of rage (around neck)
Wands
 a - a wand of iceblast (12/15)
 w - a wand of digging (9/24)
 A - a wand of confusion (31/48)
 C - a wand of enslavement (10/24)
Scrolls
 f - 4 scrolls of identify
 k - 2 scrolls of teleportation
 s - 2 scrolls of remove curse
 v - a scroll of blinking {unknown}
 y - a scroll of amnesia
 B - a scroll of enchant weapon {unknown}
 E - a scroll of random uselessness {unknown}
Potions
 d - 4 potions of curing
 e - 2 potions of berserk rage
 g - a potion of resistance {unknown}
 h - 2 potions of cure mutation {unknown}
 j - 6 potions of haste
 n - 2 potions of degeneration {unknown}
 q - a potion of agility
 t - 6 potions of heal wounds
 u - a potion of flight {unknown}
Books
 b - a book of Conjurations

   Spells                             Type                      Level
   a - Magic Dart                     Conjuration                  1
   b - Searing Ray                    Conjuration                  2
   c - Dazzling Spray                 Conjuration/Hexes            3
   d - Fulminant Prism                Conjuration/Hexes            4
   e - Iskenderun's Mystic Blast      Conjuration                  4
   f - Iskenderun's Battlesphere      Conjuration/Charms           5
Comestibles
 c - 8 bread rations
 l - a meat ration
 o - 2 fruits
 z - 9 slices of pizza
 F - 6 chunks of flesh


   Skills:
 + Level 2.4 Fighting
 + Level 5.6 Long Blades
 + Level 4.2 Armour
 + Level 3.9 Dodging
 - Level 2.1 Stealth
 - Level 2.4 Spellcasting
 + Level 12.3 Conjurations
 + Level 3.8 Hexes


You had 2 spell levels left.
You knew the following spells:

 Your Spells              Type           Power        Failure   Level  Hunger
a - Magic Dart            Conj           ####         1%          1    None
b - Searing Ray           Conj           #####.       1%          2    ##.....
c - Dazzling Spray        Conj/Hex       ###...       3%          3    ###....
d - Iskenderun's Mystic   Conj           #####...     1%          4    ####...


Dungeon Overview and Level Annotations

Branches:
Dungeon (8/15)             Temple (1/1) D:7
   Lair: D:8-11

Altars:
Ashenzari
Cheibriados
Dithmenos
Elyvilon
Fedhas
Hepliaklqana
Kikubaaqudgha
Makhleb
Nemelex Xobeh
Okawaru
Qazlal
Ru
Sif Muna
Trog
Uskayaw
Vehumet
Xom
Yredelemnul
Zin
The Shining One
Beogh

Shops:
D:5 =

Annotations:
D:5 Sigmund
D:8 Psyche


Innate Abilities, Weirdness & Mutations

You are surrounded by a mild repulsion field. (EV +2)
Your skin changes colour to match your surroundings (Stealth+).
You evolve.
[You are sometimes teleported next to monsters.]
[Your spells are easier to cast, but less powerful.]


Message History

Aiming: Searing Ray
Press: ? - help, Shift-Dir - straight line, f - wretched star
Aim: a wretched star The searing ray hits the wretched star.
The wretched star is lightly damaged.
The searing ray hits the wretched star.
The wretched star is lightly damaged.
The wretched star pulses with an eldritch light!
You feel weirdly uncertain.
You feel even more weirdly uncertain.
Without enough magic to sustain it, your searing ray dissipates.
The wretched star glows turbulently.
The orb of energy hits you!
Ouch! That really hurt!
* * * LOW HITPOINT WARNING * * *
The orb of energy explodes!
You hit the wretched star.
The wretched star is lightly damaged.
The wretched star glows turbulently.
The orb of energy hits you!
You die...

.... .... # . ##
######.. ## . ..
##..§.§.# .
.#... #@*.##.. #
## .. ##§#.##.
.#..#
#...#......#.#
..
........##.###.#
##.# ..##.#..#
.##... ##
...##.#..#.....
... #.#
.....##.... . .
..# #.....##...
... ..
#...###.......


You could see a wretched star.

Vanquished Creatures
  A yak (D:4)
  A ynoxinul (Abyss:1)
  A spriggan (D:8)
  A hungry ghost (D:8)
  Grum (D:8)
  Menkaure (D:6)
  An ice beast (D:5)
  A phantom (D:4)
  2 sky beasts (D:5)
  3 ogres
  2 centaurs
  3 wolves (D:8)
  4 elf zombies (Ossuary)
  4 bullfrogs
  6 killer bees (D:7)
  3 howler monkeys
  A bullfrog zombie (D:6)
  A crimson imp (D:7)
  2 jellies (D:6)
  5 hounds
  2 human zombies (Ossuary)
  2 orc wizards
  2 orc priests
  2 worker ants (D:4)
  A hound zombie (D:5)
  2 mummies (Ossuary)
  4 gnolls (D:6)
  11 adders
  3 oozes
  An adder skeleton (D:5)
  A worm (D:3)
  A dart slug (D:2)
  3 leopard geckos
  24 orcs
  7 bats
  6 giant cockroaches
  13 goblins
  8 hobgoblins
  9 jackals
  4 quokkas
  A ball python (D:3)
  4 frilled lizards
  A goblin zombie (Ossuary)
  7 hobgoblin zombies (Ossuary)
  A jackal zombie (Ossuary)
  4 kobolds
  14 kobold zombies (Ossuary)
  7 orc zombies (Ossuary)
  20 rats
  A rat zombie (Ossuary)
210 creatures vanquished.

Notes
Turn   | Place    | Note
-------+----------+-------------------------------------------
     0 | D:1      | pkoi the High Elf Conjurer began the quest for the Orb.
     0 | D:1      | Reached XP level 1. HP: 11/11 MP: 4/4
   260 | D:1      | Reached XP level 2. HP: 7/17 MP: 3/6
   358 | D:1      | Reached skill level 5 in Conjurations
   456 | D:1      | Learned a level 2 spell: Searing Ray
   871 | D:1      | Reached XP level 3. HP: 21/21 MP: 2/7
  1668 | D:2      | Gained mutation: You are agile. (Dex +2) [potion of beneficial mutation]
  1696 | D:2      | Reached skill level 6 in Conjurations
  1763 | D:2      | Reached XP level 4. HP: 26/27 MP: 4/8
  2116 | D:3      | Learned a level 3 spell: Dazzling Spray
  2859 | D:4      | Noticed an ogre
  2919 | D:4      | Got a transparent ring mail
  2930 | D:4      | Identified the +5 ring mail of Nyceoh {+Blink rN+ Dex-3} (You found it on level 4 of the Dungeon)
  2972 | D:4      | Reached XP level 5. HP: 31/31 MP: 6/9
  3097 | D:4      | Reached skill level 1 in Hexes
  3159 | D:4      | Gained mutation: You evolve. [potion of beneficial mutation]
  3194 | D:4      | Noticed an ogre
  3234 | D:4      | Killed an ogre
  3234 | D:4      | Reached skill level 1 in Armour
  3234 | D:4      | Reached skill level 7 in Conjurations
  3595 | D:4      | Killed an ogre
  3595 | D:4      | Reached XP level 6. HP: 36/36 MP: 5/10
  3945 | D:5      | Entered Level 5 of the Dungeon
  3984 | D:5      | Noticed Sigmund
  4025 | D:5      | Noticed a sky beast
  4027 | D:5      | Found Meschav's Jewellery Shoppe.
  4039 | D:5      | Killed a sky beast
  4040 | D:5      | Bought a cursed ring of teleportation for 63 gold pieces
  4040 | D:5      | Bought a cursed amulet of inaccuracy for 28 gold pieces
  4065 | D:5      | Found a sacrificial altar of Ru.
  4370 | D:5      | Found a sand-covered staircase.
  4377 | Ossuary  | Entered an ossuary
  4576 | Ossuary  | Gained mutation: Your skin changes colour to match your surroundings (Stealth+). [evolution]
  4914 | Ossuary  | Reached XP level 7. HP: 20/41 MP: 1/11
  5112 | Ossuary  | Reached skill level 8 in Conjurations
  5767 | D:5      | Reached skill level 9 in Conjurations
  5840 | D:5      | Found a shadowy altar of Dithmenos.
  5984 | D:5      | Noticed a yak
  5984 | D:5      | Noticed a yak
  5985 | D:5      | Noticed a yak
  5995 | D:5      | Lost mutation: You are agile. (Dex +2) [evolution]
  6113 | D:5      | Noticed a yak
  6181 | D:4      | Reached XP level 8. HP: 46/46 MP: 9/12
  6232 | D:4      | Reached skill level 10 in Conjurations
  6691 | D:6      | Noticed Menkaure
  7253 | D:5      | Reached skill level 11 in Conjurations
  7501 | D:6      | Reached skill level 1 in Long Blades
  7691 | D:6      | Killed Menkaure
  7869 | D:6      | Reached XP level 9. HP: 51/51 MP: 13/13
  8204 | D:6      | Found a stormy altar of Qazlal.
  8204 | D:6      | Found a hide-covered altar of Uskayaw.
  8275 | D:6      | Learned a level 4 spell: Iskenderun's Mystic Blast
  8386 | D:7      | Found a staircase to the Ecumenical Temple.
  8428 | Temple   | Entered the Ecumenical Temple
  8523 | Temple   | Became a worshipper of Warmaster Okawaru
  8571 | D:7      | Reached skill level 12 in Conjurations
  9017 | D:7      | Reached skill level 1 in Fighting
  9200 | D:8      | Reached skill level 5 in Long Blades
  9226 | D:8      | Gained mutation: You are surrounded by a mild repulsion field. (EV +2) [evolution]
  9252 | D:8      | Reached * piety under Okawaru
  9326 | D:8      | Noticed Grum
  9485 | D:8      | Noticed Psyche
  9646 | D:8      | Killed Grum
  9755 | D:8      | Found a roughly hewn altar of Beogh.
  9793 | D:8      | Cast into level 1 of the Abyss (Psyche)
  9844 | Abyss:1  | Noticed a wretched star
  9856 | Abyss:1  | Killed from afar by a wretched star

Vault maps used:
D:1:      minmay_arrival_wavy_path, solitary_fountain, serial_bayou_lagoon_a
D:3:      minmay_misc_feat_enclosed
D:4:      minmay_rat_hole
D:5:      nicolae_ru_awakened_eye, grunt_dithmenos_smoke_and_mirrors,
          first_bread, nicolae_ossuary_entry_false_entrances, serial_shops,
          kennysheep_mini_moat, uniq_sigmund
D:6:      gammafunk_temple_overflow_wave, uniq_menkaure
D:7:      kennysheep_small_square
D:8:      minmay_blocky_corners, nicolae_gozag_seed_capital, special_room,
          grunt_pizzeria, uniq_grum, uniq_gastronok, uniq_psyche
Temple:   compressed_dpeg_circular_temple
Ossuary:  ossuary_tomb_1

Skill      XL: |  1  2  3  4  5  6  7  8  9 |
---------------+----------------------------+-----
Conjurations   | 5 6 7 9 11 12 | 12.3
Hexes          | 2 3 |  3.8
Armour         | 1 2 3 4 |  4.2
Long Blades    | 2 5 |  5.6
Fighting       | 2 |  2.4
Dodging        | 3 |  3.9
Stealth        | |  2.1
Spellcasting   | |  2.4

Action                   |  1- 3 |  4- 6 |  7- 9 || total
-------------------------+-------+-------+-------++-------
Melee: Dagger            |    18 |       |       ||    18
       Short sword       |     4 |   169 |    94 ||   267
       Long sword        |       |       |    65 ||    65
 Cast: Magic Dart        |    36 |    65 |    84 ||   185
       Searing Ray       |     6 |    18 |    51 ||    75
       Dazzling Spray    |       |     4 |     1 ||     5
Evoke: Wand              |       |       |     2 ||     2
  Use: Potion            |     6 |     1 |       ||     7
       Scroll            |     5 |     2 |       ||     7
 Stab: Sleeping          |       |       |     1 ||     1
       Distracted        |       |       |     1 ||     1
  Eat: Chunk             |     3 |    10 |    16 ||    29
       Beef jerky        |       |     1 |       ||     1
       Pizza             |       |       |     2 ||     2
Armor: Robe              |     5 |       |       ||     5
       Ring mail         |       |   132 |   143 ||   275
Dodge: Dodged            |    23 |   141 |   128 ||   292
       Rpst.: Long sword |       |       |    24 ||    24
